 Dungeon Crawl Stone Soup version 0.28.0-53-g5a82cb258f (console) character file.

Game seed: 12897092299176422083

151 erker the Sneak (level 5, -3/31 HPs)
             Began as an Octopode Earth Elementalist on July 9, 2022.
             Slain by a killer bee zombie (5 damage)
             ... on level 4 of the Dungeon.
             The game lasted 00:11:50 (3697 turns).

erker the Sneak (Octopode Earth Elementalist)       Turns: 3697, Time: 00:11:50

Health: -3/31      AC:  1    Str:  8    XL:     5   Next: 33%
Magic:  5/8        EV: 13    Int: 19    God:
Gold:   219        SH:  0    Dex: 12    Spells: 5/8 levels left

rFire   . . .      SeeInvis .   a - +2 dagger (drain)
rCold   . . .      Faith    .   (no shield)
rNeg    + . .      Spirit   .   (helmet restricted)
rPois   .          Reflect  .   (no amulet)
rElec   .          Harm     .   e - ring of positive energy
rCorr   .          Rampage  .   (no ring)
Will    .....                   (no ring)
Stlth   +++.......              (no ring)
HPRegen 0.10/turn               (no ring)
MPRegen 0.11/turn               (no ring)
                                (no ring)
                                (no ring)

@: very slightly contaminated
A: almost no armour, amphibious, 8 rings, camouflage 1, gelatinous body 1,
(nimble swimmer 1), tentacles
a: no special abilities


You were on level 4 of the Dungeon.
You visited 1 branch of the dungeon, and saw 4 of its levels.

You collected 219 gold pieces.

Inventory:

Hand Weapons
 a - a +2 dagger of draining (weapon)
 b - a +0 rapier
 q - a +1 dagger of holy wrath
Missiles
 i - 158 stones
 n - 11 poisoned darts (quivered)
 r - 3 boomerangs
Armour
 k - a +0 buckler
Jewellery
 e - a ring of positive energy (left tentacle)
Wands
 s - a wand of paralysis (15)
Scrolls
 c - 3 scrolls of identify {unknown}
 h - 2 scrolls of enchant armour {unknown}
 j - 3 scrolls of teleportation {unknown}
 l - 2 scrolls of magic mapping {unknown}
 p - a scroll of holy word {unknown}
 t - a scroll of noise {unknown}
Potions
 d - a potion of haste {unknown}
 f - a potion of magic {unknown}
 g - a potion of heal wounds {unknown}
 m - a potion of might {unknown}
 o - 2 potions of curing {unknown}
 u - a potion of degeneration {unknown}


   Skills:
 - Level 4.0 Short Blades
 - Level 2.0 Dodging
 - Level 4.0 Stealth
 - Level 2.0 Spellcasting
 - Level 1.0 Transmutations
 + Level 3.4 Earth Magic


You had 5 spell levels left.
You knew the following spells:

 Your Spells              Type           Power      Damage    Failure   Level
a - Sandblast             Erth           30%        2d9       4%          1
w - Passwall              Tmut/Erth      8%         N/A       10%         2

Your spell library contained the following spells:

 Spells                   Type           Power      Damage    Failure   Level
 Stone Arrow              Conj/Erth      16%        3d8       26%         3
 Petrify                  Tmut/Erth      10%        N/A       54%         4


Dungeon Overview and Level Annotations

Branches:
Dungeon (4/15)
 Temple: D:4-7

Altars:
Qazlal

Shops:
D:2 *?:

Annotations:
D:3 1 runed translucent door, exclusion: water moccasin, Garym's ghost, amateur MiBe
D:4 exclusion: ogre


Innate Abilities, Weirdness & Mutations

You cannot wear most types of armour.
You are amphibious.
You can wear up to eight rings at the same time.
Your skin changes colour to match your surroundings (Stealth+).
Your rubbery body absorbs attacks. (AC +1, EV +1)
((You are camouflaged when in or above water. (Stealth+)))
You have tentacles for arms and can constrict up to eight enemies at once.


Message History

The killer bee zombie is lightly damaged.
The killer bee zombie hits you.
You hit the killer bee zombie. Your grab misses the killer bee zombie.
The killer bee zombie is moderately damaged.
The killer bee zombie closely misses you.
The killer bee zombie hits you.
You barely miss the killer bee zombie. Your grab misses the killer bee zombie.
Your squeeze misses the killer bee zombie.
The killer bee zombie is moderately damaged.
The killer bee zombie hits you.
You closely miss the killer bee zombie. Your grab misses the killer bee zombie.
Your squeeze misses the killer bee zombie.
The killer bee zombie is moderately damaged.
The killer bee zombie hits you.
The killer bee zombie barely misses you.
You hit the killer bee zombie. You grab the killer bee zombie.
The killer bee zombie is moderately damaged.
You constrict the killer bee zombie. The killer bee zombie misses you.
Casting: Sandblast (safe; 4% risk of failure)
Confirm with . or Enter, or press ? or * to list all spells.
Aiming: Sandblast (safe; 4% risk of failure)
Press: ? - help, Shift-Dir - straight line, f/p - killer bee zombie
Aim: a killer bee zombie (moderately damaged, constricted by you, 90% to hit)
The blast of sand hits the killer bee zombie!
The killer bee zombie is severely damaged.
i - 158 stones You constrict the killer bee zombie.
The killer bee zombie hits you!
* * * LOW HITPOINT WARNING * * *
The killer bee zombie hits you.
* * * LOW HITPOINT WARNING * * *
Casting: Sandblast (safe; 4% risk of failure)
Confirm with . or Enter, or press ? or * to list all spells.
Aiming: Sandblast (safe; 4% risk of failure)
Press: ? - help, Shift-Dir - straight line, f/p - killer bee zombie
Aim: a killer bee zombie (severely damaged, constricted by you, 90% to hit)
You miscast Sandblast.
Nothing appears to happen.
You constrict the killer bee zombie.
The killer bee zombie closely misses you.
The killer bee zombie hits you.
You die...

........# #. #...
#.#.....# #. #.(.#
####.#.....# #. # #...#
#....#.....###<
#.###...###....#.#.#.....
..................>#.....
.......###....#........)
........................
#..@Z...#.###.##....
####>......#.###.##....
#....)........##......)
#.....###...#.##.....##
#..)...##...#..#.....#
####...##[..##†#.....#
#...#######.#.....##
#...# #.#.#.....
#...#######.#.#.....


You could see a killer bee zombie.

Vanquished Creatures
  An iguana (D:3)
  4 adders
  4 worms
  4 dart slugs
  3 orcs
  7 endoplasms
  3 giant cockroaches
  6 goblins
  3 hobgoblins
  A jackal (D:3)
  11 kobolds
  3 quokkas
  7 ball pythons
  6 bats
  2 frilled lizards (D:3)
  4 rats
69 creatures vanquished.

Notes
Turn   | Place    | Note
-------+----------+-------------------------------------------
     0 | D:1      | erker the Octopode Earth Elementalist began the quest for
                  | the Orb.
     0 | D:1      | Reached XP level 1. HP: 11/11 MP: 3/3
   127 | D:1      | Reached XP level 2. HP: 17/17 MP: 0/5
   563 | D:1      | Reached skill level 1 in Short Blades
   868 | D:1      | Reached XP level 3. HP: 21/21 MP: 6/6
  1118 | D:2      | Learned a level 2 spell: Passwall
  1210 | D:2      | Found Devilusu's Book Shop.
  1415 | D:2      | Found Leijiawkirph's Magic Scroll Emporium.
  1779 | D:2      | Found Mios's Assorted Antiques.
  2091 | D:3      | Found a faded altar of an unknown god.
  2136 | D:3      | Reached XP level 4. HP: 27/27 MP: 3/7
  2170 | D:3      | Found a runed translucent door.
  2180 | D:3      | Noticed Garym's ghost (amateur MiBe)
  2735 | D:3      | Noticed a water moccasin
  2754 | D:3      | Found a stormy altar of Qazlal.
  2754 | D:3      | Noticed an earth elemental
  2755 | D:3      | Noticed a fire elemental
  2755 | D:3      | Noticed an air elemental
  2755 | D:3      | Noticed a water elemental
  2803 | D:3      | Reached XP level 5. HP: 30/30 MP: 5/8
  3638 | D:4      | Noticed an ogre
  3697 | D:4      | Slain by a killer bee zombie

Illustrated notes

Levels and vault maps discovered:
D:1:      noname_arrival_rooms_in_the_neighbourhood, layout_basic,
          corexii_item_surrounded_by_moat
D:2:      layout_loops_ring, serial_shops, shop, shop, shop, chequers_jeans
D:3:      minmay_chambers_of_twos, layout_basic,
          nicolae_qazlal_style_of_elements, ebering_ghost_sewer_d,
          shapermc_ecumenical_altar_totnotflames, chequers_arboretum,
          hangedman_glass_teeth, minmay_misc_feat_tower
D:4:      layout_basic, mainiacjoe_overflow_tiny_flanked, serial_shops,
          shop_fountains

Skill      XL: |  1  2  3  4  5 |
---------------+----------------+-----
Stealth        | 3 4 |  4.0
Short Blades   | 1 3 4 |  4.0
Dodging        | |  2.0
Spellcasting   | |  2.0
Transmutations | |  1.0
Earth Magic    | |  3.4

Action                   |  1- 3 |  4- 6 || total
-------------------------+-------+-------++-------
Melee: Unarmed           |     3 |       ||     3
       Constrict         |    11 |    13 ||    24
       Tentacles         |     5 |    10 ||    15
       Dagger            |    43 |    46 ||    89
Throw: Dart              |       |     1 ||     1
 Cast: Sandblast         |    21 |    29 ||    50
       Passwall          |       |     3 ||     3
 Stab: Sleeping          |    14 |     7 ||    21
       Distracted        |       |     1 ||     1
Armor: Skin              |     2 |     2 ||     4
Dodge: Dodged            |    21 |    25 ||    46
Block: Buckler           |       |     1 ||     1
